 Dungeon Crawl Stone Soup version 0.24.0-125-gc4c63601f3 (webtiles) character file.

Game seed: 2546047932835088267, levelgen mode: deterministic

13069 BuffBuff the Grappler (level 12, -1/65 HPs)
             Began as a Vine Stalker Fighter on Mar 13, 2020.
             Was a Priest of Makhleb.
             Splashed by an oklob plant's acid (13 damage)
             ... on level 2 of the Lair of Beasts.
             The game lasted 00:50:25 (8432 turns).

BuffBuff the Grappler (Vine Stalker Fighter)        Turns: 8432, Time: 00:50:26

Health: -1/65      AC: 12    Str: 25    XL:     12   Next: 2%
Magic:  0/13       EV:  6    Int: 12    God:    Makhleb [***...]
Gold:   666        SH: 17    Dex: 13    Spells: 11/11 levels left

rFire    . . .     SeeInvis .   i - +8 dagger (venom)
rCold    . . .     Gourm    .   G - +0 large shield
rNeg     . . .     Faith    .   n - +2 scale mail {MR+}
rPois    .         Spirit   +   o - +0 helmet
rElec    .         Reflect  .   m - +1 cloak
rCorr    .         Harm     .   t - +2 pair of gloves
MR       ++...                  D - +0 pair of boots
Stlth    ..........             x - amulet of regeneration
HPRegen  1.40/turn              f - +2 ring of protection
MPRegen  0.13/turn              z - +4 ring of intelligence

@: corroded
A: fangs 3, regeneration 2, magic shield, antimagic bite, no potion heal 3, rot
immunity
a: Minor Destruction, Lesser Servant of Makhleb, Renounce Religion


You were on level 2 of the Lair of Beasts.
You worshipped Makhleb.
Makhleb was most pleased with you.
You were not hungry.

You visited 3 branches of the dungeon, and saw 12 of its levels.

You collected 666 gold pieces.

Inventory:

Hand Weapons
 i - a +8 dagger of venom (weapon)
Missiles
 C - 4 curare-tipped darts (quivered)
Armour
 b - a +0 shield
 m - a +1 cloak (worn)
 n - a +2 scale mail of magic resistance (worn)
 o - a +0 helmet (worn)
 t - a +2 pair of gloves (worn)
 D - a +0 pair of boots (worn)
 G - a +0 large shield (worn)
Jewellery
 f - a +2 ring of protection (left hand)
 x - an amulet of regeneration (around neck)
 z - a +4 ring of intelligence (right hand)
Wands
 s - a wand of disintegration (8)
 y - a wand of iceblast (11)
 E - a wand of flame (32)
 F - a wand of digging (7)
 H - a wand of acid (8)
Scrolls
 e - a scroll of enchant armour
 g - a scroll of blinking
 q - 2 scrolls of remove curse
 r - 6 scrolls of teleportation
 B - a scroll of fog
 I - a scroll of immolation {unknown}
 K - 2 scrolls of identify
Potions
 a - 2 potions of mutation {unknown}
 c - a potion of berserk rage
 h - 3 potions of curing
 j - a potion of lignification {unknown}
 k - 2 potions of ambrosia
 l - 4 potions of flight
 p - 2 potions of cancellation {unknown}
 u - a potion of brilliance {unknown}
 v - a potion of degeneration {unknown}
 w - 2 potions of haste
 A - 2 potions of agility
Comestibles
 d - 25 rations


   Skills:
 + Level 8.2 Fighting
 + Level 7.6 Armour
 - Level 0.3 Dodging
 - Level 0.1 Stealth
 + Level 8.3 Shields
 * Level 12.0 Unarmed Combat


You had 11 spell levels left.
You didn't know any spells.
Your spell library contained the following spells:

 Spells                   Type           Power        Failure   Level  Hunger
 Flame Tongue             Conj/Fire      #....        99%         1    ##.....
 Throw Flame              Conj/Fire      #.....       100%        2    ###....
 Conjure Flame            Conj/Fire      #.......     100%        3    ####...
 Inner Flame              Hex/Fire       #.......     100%        3    ####...
 Recall                   Summ/Tloc      N/A          100%        3    ####...
 Static Discharge         Conj/Air       #.......     100%        3    ####...
 Animate Dead             Necr           N/A          100%        4    #####..
 Sticky Flame             Conj/Fire      #.......     100%        4    #####..
 Borgnjor's Vile Clutch   Necr/Erth      #.........   100%        5    ######.
 Fireball                 Conj/Fire      #.........   100%        5    ######.
 Lightning Bolt           Conj/Air       #.........   100%        5    ######.
 Death Channel            Necr           #.........   100%        6    #######
 Simulacrum               Ice/Necr       #.........   100%        6    #######
 Ignition                 Fire           #.........   100%        8    #######
 Shatter                  Erth           #.........   100%        9    #######
 Tornado                  Air            #.........   100%        9    #######


Dungeon Overview and Level Annotations

Branches:
Dungeon (9/15)             Temple (1/1) D:6            Lair (2/6) D:8
  Swamp: Lair:2-4    Shoals: Lair:2-4     Snake: Lair:2-4    Spider: Lair:2-4
    Orc: D:9-12

Altars:
Ashenzari
Cheibriados
Dithmenos
Elyvilon
Fedhas
Gozag
Hepliaklqana
Kikubaaqudgha
Makhleb
Nemelex Xobeh
Okawaru
Qazlal
Ru
Sif Muna
Trog
Uskayaw
Vehumet
Wu Jian
Yredelemnul
Zin
The Shining One

Shops:
D:5 (   D:7 *(   D:8 (

Annotations:
Lair:2 exclusion: 2 oklob plants


Innate Abilities, Weirdness & Mutations

You have razor-sharp teeth.
You heal very quickly.
When hurt, damage is shared between your health and your magic reserves.
Your bite disrupts and absorbs the magic of your enemies.
Potions cannot restore your health.
You are immune to rotting.


Message History

The oklob plant is moderately damaged.
You hit the oklob plant.
The oklob plant looks as sick as possible!
The oklob plant is moderately damaged.
The oklob plant spits acid at you.
The splash of acid hits you but does no damage.
The acid corrodes you!
You are splashed with acid!
You hit the oklob plant but do no damage.
You bite the oklob plant! You drain its power.
You feel invigorated.
The oklob plant is heavily damaged.
The oklob plant spits acid at you. The splash of acid hits you!
The acid corrodes you!
You are splashed with acid!
The oklob plant spits acid at you. The splash of acid hits you.
You are splashed with acid!
* * * LOW HITPOINT WARNING * * *
The oklob plant spits acid at you. The splash of acid hits you!
* * * LOW HITPOINT WARNING * * *
You are splashed with acid!
You die...

##### ####### #####$.$# ####
#####
P..##.######..##..P###PP.##P#P###
...............#(.P#.............
...#.#.##.#....#P.P#.##..........
.#...........##.@...# #.....P....
.#........#..##.......#.....#....
......................#.....#....
............................#....
.#........#..#...................
............)........P#..........
..........+...#.##.P.##..........
....#.#.P#...#..#######.....P....
............................#....


You could see 2 oklob plants.

Vanquished Creatures
  A hydra (Lair:2)
  A queen ant (Lair:2)
  Nergalle (Lair:1)
  An elephant (Lair:2)
  A black mamba (Lair:2)
  4 spiny frogs
  A komodo dragon (Lair:1)
  5 hippogriffs
  26 yaks
  A basilisk (Lair:1)
  A steam dragon (D:8)
  Edmund (D:6)
  2 soldier ants (Lair:2)
  A water moccasin (Lair:2)
  4 porcupines
  2 orc warriors (D:7)
  An ice beast (D:5)
  A phantom (D:5)
  An ogre (D:7)
  2 centaurs (D:7)
  3 wolves (Lair:1)
  3 crocodiles (Lair:2)
  A big kobold (D:8)
  8 bullfrogs
  A water moccasin zombie (D:7)
  3 killer bees (D:7)
  3 scorpions
  3 howler monkeys
  2 crimson imps
  A centaur zombie (D:6)
  A centaur skeleton (D:2)
  2 orc priests (D:7)
  3 hounds
  A bullfrog skeleton (D:6)
  Jessica (D:2)
  6 orc wizards
  19 worker ants
  A hound zombie (D:5)
  2 hound skeletons
  Robin (D:2)
  14 gnolls
  A worker ant zombie (D:2)
  4 adders
  A shadow imp (D:6)
  An ooze (D:5)
  An adder zombie (D:5)
  3 worms
  2 dart slugs
  6 leopard geckos
  13 orcs
  6 bats
  4 giant cockroaches
  17 goblins
  8 hobgoblins
  15 jackals
  12 kobolds
  2 ball pythons
  6 frilled lizards
  A quokka zombie (D:6)
  5 rats
245 creatures vanquished.

Vanquished Creatures (others)
  2 fungi
  4 plants
6 creatures vanquished.

Grand Total: 251 creatures vanquished

Notes
Turn   | Place    | Note
-------+----------+-------------------------------------------
     0 | D:1      | BuffBuff the Vine Stalker Fighter began the quest for the
                  | Orb.
     0 | D:1      | Reached XP level 1. HP: 11/11 MP: 2/2
   174 | D:1      | Reached XP level 2. HP: 16/16 MP: 3/3
   488 | D:1      | Reached XP level 3. HP: 19/19 MP: 4/4
   916 | D:1      | Found a sparkling altar of Nemelex Xobeh.
  1039 | D:2      | Noticed Jessica
  1043 | D:2      | Killed Jessica
  1043 | D:2      | Gained mutation: Your natural rate of healing is unusually
                  | fast. [Vine Stalker growth]
  1043 | D:2      | Reached XP level 4. HP: 20/23 MP: 3/5
  1112 | D:2      | Reached skill level 3 in Unarmed Combat
  1297 | D:2      | Reached XP level 5. HP: 26/28 MP: 6/6
  1539 | D:2      | Noticed Robin
  1568 | D:2      | Killed Robin
  2623 | D:4      | Reached XP level 6. HP: 32/32 MP: 7/7
  2709 | D:4      | Reached skill level 4 in Unarmed Combat
  2820 | D:4      | You fall into a shaft and drop 2 floors!
  2940 | D:5      | Entered Level 5 of the Dungeon
  2940 | D:5      | Found Miuguh's Antique Weapon Boutique.
  2960 | D:5      | Reached XP level 7. HP: 37/37 MP: 8/8
  3468 | D:5      | Reached skill level 5 in Unarmed Combat
  3888 | D:5      | Gained mutation: You have razor-sharp teeth. [Vine Stalker
                  | growth]
  3888 | D:5      | Reached XP level 8. HP: 33/42 MP: 7/9
  4029 | D:6      | Reached skill level 6 in Unarmed Combat
  4040 | D:6      | Noticed Edmund
  4064 | D:6      | Killed Edmund
  4078 | D:6      | Found a staircase to the Ecumenical Temple.
  4087 | Temple   | Entered the Ecumenical Temple
  4121 | Temple   | Became a worshipper of Makhleb the Destroyer
  4568 | D:7      | Found Baulaluts's Weapon Boutique.
  4594 | D:7      | Noticed a hippogriff
  4596 | D:7      | Reached skill level 5 in Shields
  4606 | D:7      | Killed a hippogriff
  4610 | D:7      | Reached skill level 5 in Fighting
  4610 | D:7      | Reached skill level 7 in Unarmed Combat
  4637 | D:7      | Found an opulent altar of Gozag.
  4637 | D:7      | Found Gozag's Platinum Reserve.
  4764 | D:7      | Reached XP level 9. HP: 43/47 MP: 7/10
  4787 | D:7      | Reached skill level 5 in Armour
  5056 | D:7      | Reached * piety under Makhleb
  5112 | D:7      | Reached skill level 8 in Unarmed Combat
  5540 | D:8      | Found Taumneh's Weapon Shoppe.
  5605 | D:8      | Found a staircase to the Lair.
  5945 | Lair:1   | Entered Level 1 of the Lair of Beasts
  5981 | Lair:1   | Noticed a komodo dragon
  6011 | Lair:1   | Reached skill level 9 in Unarmed Combat
  6011 | Lair:1   | Reached XP level 10. HP: 53/53 MP: 11/11
  6112 | Lair:1   | Noticed a spiny frog
  6120 | Lair:1   | Killed a spiny frog
  6133 | Lair:1   | Noticed Nergalle
  6156 | Lair:1   | Killed Nergalle
  6193 | Lair:1   | Noticed a spiny frog
  6200 | Lair:1   | Killed a spiny frog
  6220 | Lair:1   | Reached ** piety under Makhleb
  6225 | Lair:1   | Reached skill level 10 in Unarmed Combat
  6453 | Lair:1   | Reached XP level 11. HP: 58/58 MP: 12/12
  7169 | Lair:2   | Reached skill level 11 in Unarmed Combat
  7329 | Lair:2   | Noticed a queen ant
  7702 | Lair:2   | Noticed a four-headed hydra
  7815 | Lair:2   | Killed a four-headed hydra
  8044 | Lair:2   | Killed a queen ant
  8044 | Lair:2   | Reached *** piety under Makhleb
  8330 | Lair:2   | Noticed an oklob plant
  8330 | Lair:2   | Noticed an oklob plant
  8353 | Lair:2   | Reached skill level 12 in Unarmed Combat
  8353 | Lair:2   | Gained mutation: You heal very quickly. [Vine Stalker
                  | growth]
  8353 | Lair:2   | Reached XP level 12. HP: 56/65 MP: 11/13
  8432 | Lair:2   | Splashed by an oklob plant's acid

Levels and vault maps discovered:
D:1:      minmay_arrival_stair_chambers, layout_loops_ring,
          nemelex_diamond_rough_becter
D:2:      layout_loops_ring, first_ration, minmay_octomino_c4, uniq_jessica,
          uniq_robin
D:3:      layout_basic
D:4:      layout_basic
D:5:      layout_basic, serial_shops, shop, minmay_misc_feat_hallway
D:6:      layout_rooms, minmay_temple_entry_waves, serial_curves,
          eino_curves_03, eino_curves_02, eino_curves_02, uniq_edmund
D:7:      layout_gridville, serial_shops, shop, grunt_ogre_cave,
          nrook_mini_vaults, nicolae_gozag_zags_fifth_avenue
D:8:      layout_rooms, lair_entry_dummy, serial_shops, shop
D:9:      layout_stronghold, marbit_many_paths, fedhas_altar_fruit_tree
Temple:   nicolae_temple_the_god_donut
Lair:1:   layout_loops_ring, uniq_nergalle
Lair:2:   layout_regular_city, minmay_another_anthill, grunt_megastairs_3,
          minmay_lair_oklob_chamber, lemuel_fruit_tree

Skill      XL: |  1  2  3  4  5  6  7  8  9 10 11 |
---------------+----------------------------------+-----
Shields        | 3 4 5 6 7 8 |  8.3
Fighting       | 3 4 5 6 7 8 |  8.2
Armour         | 3 4 5 6 7 |  7.6
Unarmed Combat | 3 4 5 7 9 10 12 | 12.0
Dodging        | |  0.3
Stealth        | |  0.1

Action                   |  1- 3 |  4- 6 |  7- 9 | 10-12 || total
-------------------------+-------+-------+-------+-------++-------
Melee: Unarmed           |   116 |       |       |       ||   116
       Bite              |    31 |    46 |    85 |   156 ||   318
       Dagger            |       |   151 |   266 |   346 ||   763
Throw: Dart              |       |       |     3 |     7 ||    10
Evoke: Wand              |       |       |     1 |     1 ||     2
  Use: Potion            |     1 |       |       |     5 ||     6
       Scroll            |       |     9 |     5 |     4 ||    18
 Stab: Distracted        |       |     1 |       |       ||     1
  Eat: Chunk             |       |     7 |     9 |     9 ||    25
Armor: Scale mail        |    40 |    54 |   119 |   142 ||   355
Dodge: Dodged            |    18 |    31 |    64 |    52 ||   165
Block: Shield            |    58 |    56 |   117 |    11 ||   242
       Large shield      |       |       |       |   232 ||   232
